Map: Chain of Ascension

Players

Siliatra

  • Race: Protoss Protoss
  • Spawn Location: 11:00

Sindyr

  • Race: Terran Terran
  • League: Master

VOD

Have the link to the VOD?

Description

Time

  • Played on: Sept. 19, 2025, 7:54 a.m.
  • Length: 26:06
Show
View Real Time Build Order
Export as new Build Order

Siliatra Protoss 

Build Orders:  

Get SALT Encoding   

  12  0:02  Probe (Chrono Boost)  
  13  0:16  Probe (Chrono Boost)  
  14  0:30  Probe (Chrono Boost)  
  15  0:41  Xel'Naga Passageway  
  15  0:44  Probe (Chrono Boost)  
  16  0:58  Probe (Chrono Boost)  
  17  1:12  Probe (Chrono Boost)  
  18  1:26  Probe (Chrono Boost)  
  19  1:40  Probe (Chrono Boost)  
  20  1:53  Core Forge  
  20  1:54  Probe (Chrono Boost)  
  21  2:08  Probe (Chrono Boost)  
  22  2:44  Constructs Facility  
  22  2:52  Constructs Facility  
  22  3:51  Constructs Bay  
  22  3:54  Xel'Naga Enforcer  
  26  4:53  Xel'Naga Enforcer  
  30  6:12  Xel'Naga Enforcer  
  34  6:34  Ancient Nexus  
  34  7:23  Zoraya Legion  
  30  8:32  Xel'Naga Enforcer  
  30  8:39  Xel'Naga Watcher  
  34  9:13  Probe (Chrono Boost)  
  34  9:14  Probe (Chrono Boost)  
  36  9:27  Probe (Chrono Boost)  
  36  9:28  Probe (Chrono Boost)  
  38  9:41  Probe (Chrono Boost)  
  38  9:42  Probe (Chrono Boost)  
  40  9:55  Probe (Chrono Boost)  
  40  9:56  Probe (Chrono Boost)  
  42  10:09  Probe (Chrono Boost)  
  42  10:10  Probe (Chrono Boost)  
  44  10:31  Xel'Naga Enforcer  
  44  10:38  Probe (Chrono Boost)  
  49  10:52  Probe (Chrono Boost)  
  50  11:06  Probe (Chrono Boost)  
  51  11:17  Xel'Naga Enforcer  
  55  11:20  Probe (Chrono Boost)  
  56  11:35  Xel'Naga Enforcer  
  60  12:08  Xel'Naga Enforcer  
  64  12:48  Xel'Naga Enforcer  
  68  13:12  Xel'Naga Abrogator  
  71  14:00  Xel'Naga Enforcer  
  71  14:03  Xel'Naga Abrogator  
  78  14:35  Xel'Naga Enforcer  
  82  15:17  Xel'Naga Abrogator, Unknown x3  
  85  15:35  Unknown x3  
  95  15:40  Xel'Naga Watcher x2  
  85  15:52  Xel'Naga Watcher  
  85  16:15  Unknown x3  
  85  16:18  Unknown x3  
  85  16:23  Unknown x3  
  85  16:24  Unknown x3, Xel'Naga Enforcer  
  85  16:28  Unknown x3  
  85  16:29  Unknown x3  
  89  16:33  Unknown x3  
  89  16:37  Unknown x3  
  89  16:38  Unknown x3  
  89  16:39  Unknown x3  
  89  16:42  Unknown x3  
  89  16:44  Unknown x3  
  89  16:47  Unknown x3  
  89  16:57  Unknown x3  
  89  16:58  Unknown x3  
  89  16:59  Unknown x3  
  89  17:02  Unknown x3  
  89  17:03  Unknown x3  
  89  17:04  Unknown x3  
  89  17:06  Xel'Naga Enforcer  
  89  17:09  Unknown x6  
  93  17:29  Xel'Naga Enforcer  
  93  17:38  Zoraya Legion  
  97  17:44  Xel'Naga Watcher  
  97  18:22  Unknown x6  
  97  18:40  Zoraya Legion  
  97  19:06  Xel'Naga Abrogator  
  97  19:18  Unknown x3  
  100  19:20  Unknown x3  
  100  19:22  Unknown x3  
  100  19:54  Unknown x3  
  100  19:57  Unknown x3  
  100  19:59  Unknown x3  
  100  20:01  Unknown x3  
  100  20:03  Unknown x3  
  100  20:04  Unknown x3  
  100  20:07  Unknown x3  
  100  20:08  Unknown x3  
  100  20:11  Unknown x3  
  100  20:13  Unknown x3  
  100  20:15  Unknown x3  
  100  20:16  Unknown x6  
  100  20:18  Unknown x3  
  100  20:24  Unknown x3  
  100  20:25  Unknown x3  
  93  20:31  Xel'Naga Abrogator, Xel'Naga Enforcer  
  93  20:36  Unknown x3  
  93  20:37  Unknown x3  
  93  20:38  Unknown x3  
  96  20:43  Unknown x6  
  96  20:45  Unknown x3  
  96  20:49  Unknown x3  
  96  20:50  Unknown x3  
  96  20:51  Xel'Naga Enforcer, Unknown x3  
  96  20:55  Unknown x3  
  96  20:56  Unknown x3  
  96  20:57  Unknown x3  
  100  22:18  Unknown x3  
  100  22:19  Unknown x6  
  100  22:21  Unknown x3  
  100  22:48  Unknown x3  
  100  22:51  Unknown x3  
  100  22:52  Unknown x3  
  100  22:55  Unknown x3  
  100  22:56  Unknown x3  
  100  23:00  Unknown x3  
  100  23:01  Unknown x9  
  100  23:05  Unknown x3  
  100  23:06  Unknown x3  
  100  23:07  Unknown x3  
  100  23:12  Unknown x12  
  100  23:18  Unknown x3  
  100  23:23  Unknown x3  
  100  23:38  Unknown x9  
  100  23:39  Unknown x3  
  100  24:09  Zoraya Legion  
  100  24:10  Unknown x3  
  100  24:11  Unknown x9  
  100  24:15  Unknown x3  
  100  24:16  Unknown x9  
  100  24:20  Unknown x6  
  100  24:22  Unknown x3  
  100  24:24  Unknown x9  
  100  24:27  Unknown x3  
  100  24:28  Unknown x3  
  100  24:29  Unknown x6  
  100  24:31  Unknown x3  
  100  24:32  Unknown x6  
  100  24:49  Unknown x3  
  100  24:50  Unknown x3  
  100  24:51  Unknown x6  
  100  25:42  Unknown x3  
Show
View Real Time Build Order
Export as new Build Order

Sindyr Terran 

Build Orders:  

Get SALT Encoding   

  12  0:05  Starport Tech Lab  
  13  0:10  SCV  
  13  0:27  SCV  
  14  0:33  Supply Depot  
  15  0:44  SCV  
  15  0:51  Refinery  
  15  1:08  SCV  
  16  1:25  SCV  
  16  1:27  Assault Galleon  
  18  1:42  SCV  
  18  1:59  SCV  
  19  2:14  Supply Depot  
  19  2:16  SCV  
  21  2:30  Engineering Bay  
  21  2:33  SCV  
  22  2:50  SCV  
  22  2:57  Armory  
  22  3:02  Refinery  
  22  3:07  SCV  
  24  3:24  SCV  
  24  3:33  Jetpack Overdrive  
  25  3:41  SCV  
  25  3:47  Reaper  
  26  3:57  Reaper  
  26  3:58  SCV  
  28  4:01  Assault Galleon  
  28  4:07  Reaper  
  29  4:15  SCV  
  29  4:17  Reaper  
  31  4:27  Reaper  
  30  4:37  Widow Mine  
  30  4:52  Widow Mine  
  32  5:07  Widow Mine  
  34  5:22  Widow Mine  
  36  5:37  SCV  
  36  5:39  Hellbat x2  
  41  5:49  Hellbat x2  
  45  5:59  Hellbat  
  47  6:10  Supply Depot  
  47  6:12  Supply Depot  
  47  6:18  Fusion Core  
  47  6:34  Hellbat  
  47  6:40  Hellbat  
  47  6:44  Hellbat  
  47  6:48  Immolation Fluid  
  47  7:27  Command Center  
  47  7:51  Wildfire Explosives  
  34  8:17  Reaper x2  
  36  8:27  Reaper x2  
  38  8:37  Reaper x2  
  40  8:47  Reaper x2  
  42  8:54  Overcharged Reactor  
  42  8:56  Reaper  
  42  8:57  Reaper  
  44  9:09  Armory  
  46  9:20  Strike Fighter Platform  
  46  9:25  SCV  
  46  9:28  SCV  
  48  9:36  Missile Turret  
  49  9:42  SCV  
  49  9:45  SCV, Aerosol Stim Emitters  
  50  9:54  Theia Raven  
  50  9:59  SCV  
  54  10:02  SCV  
  54  10:06  Missile Turret  
  54  10:16  SCV  
  54  10:19  SCV  
  56  10:27  Tar Bombs  
  57  10:33  SCV  
  57  10:36  SCV  
  58  10:47  Refinery  
  59  10:50  SCV  
  59  10:51  Refinery  
  59  10:57  SCV  
  60  11:07  SCV  
  62  11:14  SCV  
  63  11:20  Supply Depot  
  63  11:21  Assault Galleon  
  63  11:23  Supply Depot  
  63  11:24  SCV  
  64  11:31  SCV  
  65  11:41  SCV  
  65  11:48  SCV  
  66  11:52  Sovereign Battlecruiser  
  66  11:58  SCV  
  77  12:05  SCV  
  84  12:48  Drone Hangar x2  
  78  14:08  Drone Hangar  
  78  14:31  Assault Galleon  
  78  14:37  Assault Galleon  
  79  14:40  SCV  
  79  14:45  Napalm Payload  
  79  14:57  SCV  
  81  15:14  SCV  
  81  15:26  Horner Weapons Level 1  
  82  15:31  SCV  
  82  15:42  Sovereign Battlecruiser  
  95  16:05  Drone Hangar  
  98  16:26  Drone Hangar  
  95  18:01  Sovereign Battlecruiser  
  95  18:06  Horner Armor Level 1  
  105  19:17  LE9 Cluster Charges  
  105  20:19  Horner Weapons Level 2  
  105  21:05  Reaper x4  
  109  21:15  Reaper x4  
  113  21:25  Reaper x4  
  117  21:35  Reaper x4, Supply Depot  
  117  21:38  Supply Depot  
  117  21:39  Supply Depot  
  121  21:45  Reaper x4  
  125  22:06  Sovereign Battlecruiser  
  123  24:05  Reaper x4  
  115  24:34  Reaper  
  120  24:46  Reaper  
  120  24:56  Reaper  
  120  24:57  Reaper x2  
  120  24:58  Reaper  
  120  24:59  Reaper  
  121  25:06  Reaper  
  121  25:07  Reaper x2  
  121  25:08  Reaper  
  121  25:09  Reaper  
  125  25:15  Reaper  
  125  25:17  Reaper x2  
  125  25:18  Reaper  
  125  25:19  Reaper  
  130  25:25  Reaper  
  130  25:27  Reaper x2  
  130  25:29  Reaper  
  134  25:36  Reaper  
  134  25:37  Reaper  
Tags
 
Commander
HornerZeratul
League
Master
Matchup
Co-op
Replay Pack
Multiplayer
Add a new tag
Caveats
  • Supply blocks, unpowered buildings, or Contaminate may cause inaccurate times.
  • Supply counts are checked every 10 seconds.